 Dungeon Crawl Stone Soup version 0.30-a0-711-gf4ac18a38d (webtiles) character file.

Game seed: 10922021368789883183

17 Darius099 the Trooper (level 2, -4/19 HPs)
             Began as a Gargoyle Fighter on Jan 23, 2023.
             Splashed by a jelly's acid (10 damage)
             ... on level 1 of the Dungeon.
             The game lasted 00:00:22 (590 turns).

Darius099 the Trooper (Gargoyle Fighter)             Turns: 590, Time: 00:00:23

Health: -4/19      AC:  1    Str: 19    XL:     2   Next: 62%
Magic:  2/2        EV:  9    Int:  8    God:
Gold:   7          SH:  4    Dex:  9    Spells: 1/1 levels left

rFire   . . .      SeeInvis .    a - +0 flail
rCold   . . .      Faith    .    c - +0 buckler
rNeg    + . .      Spirit   .    b - +0 scale mail
rPois   ∞          Reflect  .    (no helmet)
rElec   +          Harm     .    (no cloak)
rCorr   .          Rampage  .    (no gloves)
Will    .....                    (no boots) Stlth
                                 (no amulet)
HPRegen 0.23/turn                (no ring)
MPRegen 0.08/turn                (no ring)

@: corroded
A: sickness immunity, AC +2, negative energy resistance 1, electricity
resistance, torment resistance 1, petrification resistance
a: no special abilities


You were on level 1 of the Dungeon.
You visited 1 branch of the dungeon, and saw 1 of its levels.

You collected 7 gold pieces.

Inventory:

Hand Weapons
 a - a +0 flail (weapon)
Armour
 b - a +0 scale mail (worn)
 c - a +0 buckler (worn)
Scrolls
 e - a scroll of blinking {unknown}
 g - a scroll of immolation {unknown}
Potions
 d - a potion of might
 f - a potion of mutation {unknown}
 h - a potion of flight {unknown}
 i - a potion of lignification {unknown}


   Skills:
 + Level 3.5 Fighting
 + Level 2.3 Maces & Flails
 + Level 3.5 Armour
 + Level 0.0 Dodging
 + Level 3.5 Shields


You had one spell level left.
You didn't know any spells.
Your spell library was empty.

Dungeon Overview and Level Annotations

Branches:
Dungeon (1/15)

Altars:


Innate Abilities, Weirdness & Mutations

You are immune to sickness and miasma.
Your stone body is resilient. (AC +2)
You are immune to poison.
You resist negative energy. (rN+)
You are resistant to electric shocks. (rElec)
You are resistant to unholy torment.
You are immune to petrification.


Message History

Key pressed, stopping explore.
Key pressed, stopping explore.
Key pressed, stopping explore.
No target in view!
No target in view!
No target in view!
No target in view!
No target in view!
No target in view!
No target in view!
There is an open door here.
The endoplasm quivers.
The endoplasm quivers.
The jackal barks!
You hear a bark! x3
The endoplasm quivers.
The jelly quivers.
The jackal barks!
The giant cockroach waves its antennae.
The rat twitches its whiskers.
The jackal stops to sniff the ground.
You open the door. The rat attacks as you move away!
The rat bites you but does no damage.
There is a fountain of clear blue water here.
There is an open door here.
You hit the rat but do no damage. You block the rat's attack.
The rat barely misses you. The jelly hits you but does no damage.
You hit the jelly. The acid corrodes you!
Your hands burn!
The jelly is heavily wounded.
The giant cockroach bites you but does no damage.
The rat bites you but does no damage. The jelly hits you but does no damage.
You hit the jelly.
Your hands burn!
The jelly is heavily wounded.
The giant cockroach barely misses you. The rat bites you.
The jelly hits you but does no damage. You block the giant cockroach's attack.
You hit the jelly.
Your hands burn!
The jelly is almost dead.
The rat bites you but does no damage. The jelly hits you.
The acid corrodes you!
You are splashed with acid!
Ouch! That really hurt!
You die...

#................................
#................................
#.###############..#............#
#.#..$..J.Jr....#..#######......#
#.#....B....h...#..# #.......
#.#....J...rB.. #..# #.......
#.#######B#######..# ####...(
#.#......Bw.J.hJ#..# #....
#.+⌠....###..Bhr@..# ##...
#.#......<....hB#.)#### ####
#.#..⌠...>...⌠..#.....######
#.###+#######+###..........#
#.......................>..#
#####....#########.........#
###....................#### #
############............###
#.........##...#


You could see a worm, a jelly, an endoplasm, 3 jackals, 4 giant cockroaches and
a rat.

Vanquished Creatures
  A bat (D:1)
  An endoplasm (D:1)
  2 giant cockroaches (D:1)
  3 goblins (D:1)
  A hobgoblin (D:1)
  2 quokkas (D:1)
  A frilled lizard (D:1)
  A kobold (D:1)
  3 rats (D:1)
15 creatures vanquished.

Notes
Turn   | Place    | Note
-------+----------+-------------------------------------------
     0 | D:1      | Darius099 the Gargoyle Fighter began the quest for the Orb.
     0 | D:1      | Reached XP level 1. HP: 14/14 MP: 1/1
     1 | D:1      | Found a runed translucent door.
     2 | D:1      | Noticed a jelly
    40 | D:1      | Reached XP level 2. HP: 19/19 MP: 2/2
   590 | D:1      | Splashed by a jelly's acid

Illustrated notes

Levels and vault maps discovered:
D:1:      dpeg_arrival_caged_fury, layout_basic

Action                     || total
---------------------------++-------
  Melee: Flail             ||    49
 Armour: Scale mail        ||    32
  Dodge: Dodged            ||    24
  Block: Buckler           ||    11

Table legend: (Time is in decaauts)
 A = Elapsed time spent in this place.
 B = Non-inter-level travel time spent in this place.
 C = Inter-level travel time spent in this place.
 D = Time resting spent in this place.
 E = Time spent auto-exploring this place.
 F = Levels seen in this place.
 G = Mean time per level.
                   A        B        C        D        E       F      G
               +--------+--------+--------+--------+--------+-----+--------+
         Total |    605 |    605 |      0 |      0 |    487 |   1 |  605.0 |
       Dungeon |    605 |    605 |      0 |      0 |    487 |   1 |  605.0 |
               +--------+--------+--------+--------+--------+-----+--------+

Top non-repeatable levels by time:
     D:1: 605 daAuts
